 Dungeon Crawl Stone Soup version 0.31-a0-7-g51783674b7 (webtiles) character file.

Game seed: 18133171903078374980

118 Dittersdorf the Shield-Bearer (level 5, -1/33 HPs)
             Began as a Gargoyle Fighter on May 5, 2023.
             Slain by a gnoll
             ... wielding a +0 spear
              (3 damage)
             ... on level 3 of the Dungeon.
             The game lasted 00:02:40 (2169 turns).

Dittersdorf the Shield-Bearer (Gargoyle Fighter)    Turns: 2169, Time: 00:02:40

Health: -1/33      AC: 12    Str: 22    XL:     5   Next: 2%
Magic:  5/5        EV:  9    Int:  8    God:
Gold:   105        SH:  4    Dex:  9    Spells: 4/4 levels left

rFire   . . .        a - +0 flail
rCold   . . .        c - +0 buckler
rNeg    + . .        b - +0 scale mail
rPois   ∞            t - +0 helmet
rElec   +            (no cloak)
rCorr   +            (no gloves)
SInv    .            (no boots)
Will    .....        (no amulet) Stlth
                     l - ring of resist corrosion
HPRegen 0.25/turn    (no ring)
MPRegen 0.09/turn

%: no passive effects
@: no status effects
A: sickness immunity, AC +4, negative energy resistance 1, electricity
resistance, torment resistance 1, petrification resistance
a: no special abilities


You were on level 3 of the Dungeon.
You visited 1 branch of the dungeon, and saw 3 of its levels.

You collected 105 gold pieces.

Inventory:

Hand Weapons
 a - a +0 flail (weapon)
Armour
 b - a +0 scale mail (worn)
 c - a +0 buckler (worn)
 t - a +0 helmet (worn)
Jewellery
 l - a ring of resist corrosion (left hand)
Scrolls
 e - a scroll of blinking {unknown}
 i - 2 scrolls of identify {unknown}
 k - a scroll of noise {unknown}
 m - a scroll of summoning {unknown}
 n - a scroll of teleportation {unknown}
 o - a scroll of enchant armour {unknown}
 r - a scroll of silence {unknown}
 s - 4 scrolls of fog {unknown}
Potions
 d - a potion of might
 f - a potion of attraction {unknown}
 g - a potion of heal wounds {unknown}
 h - a potion of brilliance {unknown}
 j - a potion of ambrosia {unknown}
 p - a potion of mutation {unknown}
 q - a potion of flight {unknown}


   Skills:
 + Level 4.1 Fighting
 + Level 3.0 Maces & Flails
 + Level 4.1 Armour
 + Level 4.1 Shields


You had 4 spell levels left.
You didn't know any spells.
Your spell library was empty.

Dungeon Overview and Level Annotations

Branches:
Dungeon (3/15)

Altars:


Innate Abilities, Weirdness & Mutations

You are immune to sickness and miasma.
Your stone body is resilient. (AC +4)
You are immune to poison.
You resist negative energy. (rN+)
You are resistant to electric shocks. (rElec)
You are resistant to unholy torment.
You are immune to petrification.


Message History

You hit the gnoll.
The gnoll is heavily wounded.
The gnoll hits you with a +0 spear.
You sock the gnoll!
You kill the gnoll!
Your Maces & Flails skill increases to level 3!
The gnoll hits you but does no damage. You block Robin's attack.
You thump Robin!
Robin is almost dead.
Robin completely misses you. The gnoll barely misses you.
You hit Robin but do no damage.
Robin is almost dead.
The gnoll hits you but does no damage. Robin hits you but does no damage.
You block the gnoll's attack. Robin barely misses you.
The gnoll barely misses you.
You hit Robin but do no damage.
Robin is almost dead.
The gnoll completely misses you. The gnoll closely misses you.
Robin hits you with a +0 mace.
You hit Robin.
You kill Robin!
The gnoll hits you from afar with a +0 spear. x2
You have reached level 5!
The gnoll hits you from afar with a +0 spear.
The gnoll hits you but does no damage.
Things that are here:
a +0 mace; a +0 animal skin; a +2 helmet You closely miss the gnoll.
The gnoll hits you but does no damage. The gnoll hits you with a +0 spear.
* * * LOW HITPOINT WARNING * * *
The gnoll barely misses you. The gnoll hits you with a +0 spear.
* * * LOW HITPOINT WARNING * * *
You sock the gnoll!
The gnoll is heavily wounded.
The gnoll hits you from afar with a +0 spear.
* * * LOW HITPOINT WARNING * * *
You block the gnoll's attack.
A quokka comes into view.
The gnoll hits you with a +0 spear.
You die...

..........#
..........#
..........#
..........#
..........#
r.........#
......?g.)#
......g)..#
.......@..#
..........##.#
.......<..)..#
#...##########
#... #.. +.


You could see 2 gnolls and a quokka.

Vanquished Creatures
  Robin (D:3)
  2 gnolls
  3 adders (D:2)
  A worm (D:2)
  6 ball pythons
  3 endoplasms
  2 giant cockroaches
  15 goblins
  7 hobgoblins
  A quokka (D:2)
  3 bats
  4 frilled lizards
  5 kobolds
  6 rats
  A spectral kobold (D:2)
60 creatures vanquished.

Notes
Turn   | Place    | Note
-------+----------+-------------------------------------------
     0 | D:1      | Dittersdorf the Gargoyle Fighter began the quest for the
                  | Orb.
     0 | D:1      | Reached XP level 1. HP: 14/14 MP: 1/1
   140 | D:1      | Reached XP level 2. HP: 19/19 MP: 2/2
   873 | D:2      | Reached XP level 3. HP: 20/24 MP: 3/3
   916 | D:2      | Found a faded altar of an unknown god.
  1481 | D:2      | Reached XP level 4. HP: 28/29 MP: 4/4
  1902 | D:3      | Noticed Robin
  2165 | D:3      | Killed Robin
  2166 | D:3      | Reached XP level 5. HP: 14/33 MP: 5/5
  2169 | D:3      | Slain by a gnoll

Illustrated notes

Levels and vault maps discovered:
D:1:      dpeg_arrival_brainrot, layout_basic, serial_park_tiny_pond,
          serial_park_tiny_1, roderic_serpentine_path, minivault_26
D:2:      layout_basic, dreamdust_ecumenical_altar_drowned_temple, st_stairs_2,
          grunt_decor_one_mirror, minmay_quantized
D:3:      layout_basic, serial_shops, shop, uniq_robin

Skill      XL: |  1  2  3  4 |
---------------+-------------+-----
Shields        | 4 |  4.1
Armour         | 4 |  4.1
Fighting       | 4 |  4.1
Maces & Flails | 3 |  3.0

Action                     |  1- 3 |  4- 6 || total
---------------------------+-------+-------++-------
  Melee: Flail             |   130 |   116 ||   246
 Armour: Scale mail        |    68 |   101 ||   169
  Dodge: Dodged            |    60 |    86 ||   146
  Block: Buckler           |    33 |    33 ||    66

Table legend: (Time is in decaauts)
 A = Elapsed time spent in this place.
 B = Non-inter-level travel time spent in this place.
 C = Inter-level travel time spent in this place.
 D = Time resting spent in this place.
 E = Time spent auto-exploring this place.
 F = Levels seen in this place.
 G = Mean time per level.
                   A        B        C        D        E       F      G
               +--------+--------+--------+--------+--------+-----+--------+
         Total |   2253 |   2201 |     52 |    181 |   1477 |   3 |  751.0 |
       Dungeon |   2253 |   2201 |     52 |    181 |   1477 |   3 |  751.0 |
               +--------+--------+--------+--------+--------+-----+--------+

Top non-repeatable levels by time:
     D:2: 1321 daAuts
     D:1: 887 daAuts
     D:3: 44 daAuts
